 Seeded DCSS version 0.29-a0-700-g2f1814c7b2 (webtiles) character file.

Game seed: 17893413586093524617 (custom seed)

847 happo123 the Digger (level 8, -1/45 HPs)
             Began as a Gargoyle Earth Elementalist on June 25, 2022.
             Was a Believer of Vehumet.
             Shot with an arrow by a centaur (11 damage)
             ... on level 5 of the Dungeon on June 26, 2022.
             The game lasted 00:22:31 (3848 turns).

happo123 the Digger (Gargoyle Earth Elementalist)   Turns: 3848, Time: 00:22:32

Health: -1/45      AC:  7    Str: 12    XL:     8   Next: 1%
Magic:  12/12      EV: 12    Int: 18    God:    Vehumet [**....]
Gold:   281        SH:  0    Dex: 10    Spells: 3/13 levels left

rFire   . . .      SeeInvis .   t - +6 shillelagh "Devastator" {shatter}
rCold   . . .      Faith    .   (no shield)
rNeg    + . .      Spirit   .   a - +0 robe
rPois   ∞          Reflect  .   (no helmet)
rElec   +          Harm     .   (no cloak)
rCorr   .          Rampage  .   (no gloves)
Will    .....                   (no boots)
Stlth   ++........              (no amulet)
HPRegen 0.15/turn               (no ring)
MPRegen 0.13/turn               (no ring)

@: no status effects
A: sickness immunity, AC +5, negative energy resistance 1, electricity
resistance, torment resistance 1, petrification resistance
a: Renounce Religion


You were on level 5 of the Dungeon.
You worshipped Vehumet.
Vehumet was pleased with you.
You visited 2 branches of the dungeon, and saw 6 of its levels.

You collected 281 gold pieces.

Inventory:

Hand Weapons
 d - a +0 club
 m - a +0 whip
 r - a +0 flail
 t - the +6 shillelagh "Devastator" (weapon) {shatter}
   (You found it on level 4 of the Dungeon)

   It releases a powerful concussive burst when it strikes, dealing extra damage
   to the target and all other foes adjacent to them.
Armour
 a - a +0 robe (worn)
 c - a +0 leather armour
Wands
 o - a wand of paralysis (8)
Scrolls
 e - 3 scrolls of teleportation {unknown}
 g - 2 scrolls of torment {unknown}
 h - 3 scrolls of identify {unknown}
 j - a scroll of enchant weapon {unknown}
 k - a scroll of amnesia {unknown}
 n - a scroll of fog {unknown}
 p - a scroll of immolation {unknown}
 s - a scroll of enchant armour {unknown}
 v - a scroll of fear {unknown}
Potions
 b - a potion of magic
 f - 3 potions of curing {unknown}
 i - a potion of lignification {unknown}
 l - a potion of haste {unknown}
 q - a potion of attraction {unknown}
 u - a potion of heal wounds {unknown}
 w - a potion of flight {unknown}


   Skills:
 + Level 2.6 Fighting
 + Level 2.3 Maces & Flails
 + Level 2.6 Armour
 + Level 2.7 Dodging
 + Level 3.9 Stealth
 + Level 3.1 Spellcasting
 * Level 3.2 Transmutations
 * Level 5.8 Earth Magic


You had 3 spell levels left.
You knew the following spells:

 Your Spells              Type           Power      Damage    Failure   Level
a - Sandblast             Erth           46%        2d11      1%          1
b - Stone Arrow           Conj/Erth      26%        3d8       14%         3
c - Petrify               Tmut/Erth      19%        N/A       26%         4
d - Poisonous Vapours     Pois/Air       4%         N/A       24%         2

Your spell library contained the following spells:

 Spells                   Type           Power      Damage    Failure   Level
 Passwall                 Tmut/Erth      15%        N/A       3%          2
 Portal Projectile        Hex/Tloc       4%         N/A       43%         3
 Tukima's Dance           Hex            2%         N/A       43%         3
 Blade Hands              Tmut           7%         N/A       75%         5
 Animate Dead             Necr           2%         N/A       85%         4
 Haunt                    Necr/Summ      1%         N/A       100%        7
 Infestation              Necr           1%         N/A       100%        8


Dungeon Overview and Level Annotations

Branches:
Dungeon (5/15)             Temple (1/1) D:4

Altars:
Ashenzari
Cheibriados
Elyvilon
Fedhas
Gozag
Kikubaaqudgha
Makhleb
Nemelex Xobeh
Qazlal
Ru
Trog
Vehumet
Xom
Yredelemnul
Zin
The Shining One

Annotations:
D:5 Menkaure


Innate Abilities, Weirdness & Mutations

You are immune to sickness and miasma.
Your stone body is resilient. (AC +5)
You are immune to poison.
You resist negative energy. (rN+)
You are resistant to electric shocks. (rElec)
You are resistant to unholy torment.
You are immune to petrification.


Message History

You now have 273 gold pieces (gained 15).
HP restored.
You now have 281 gold pieces (gained 8).
Found a ring mail.
A centaur comes into view.
You see here a +0 ring mail.
Menkaure, Prince of Dust comes into view.
Found a scale mail.
Menkaure shouts!
The centaur shouts!
The centaur wields a +0 shortbow.
The centaur shoots an arrow.
The arrow hits you!
A hound comes into view.
The hound barks!
The centaur shoots an arrow.
The arrow hits you!
The centaur shoots an arrow.
The arrow hits you.
The centaur shoots an arrow.
The arrow barely misses you.
You see here a +0 ring mail.
The centaur shoots an arrow.
The arrow hits you.
Menkaure points at you and mumbles some strange words.
You are unaffected.
The centaur shoots an arrow.
The arrow hits you.
A centaur is nearby!
The centaur shoots an arrow.
The arrow barely misses you.
Menkaure mumbles some strange words.
Menkaure seems to speed up.
The centaur shoots an arrow.
The arrow hits you but does no damage.
The centaur shoots an arrow.
The arrow closely misses you.
Menkaure calls on the powers of darkness!
The centaur convulses!
Your body is wracked with pain!
The centaur shoots an arrow.
The arrow hits you.
* * * LOW HITPOINT WARNING * * *
Found 9 stones.
Menkaure is nearby!
Menkaure calls on the powers of darkness!
Your body is wracked with pain!
* * * LOW HITPOINT WARNING * * *
Menkaure casts a spell at you.
You struggle to resist.
There is a stone staircase leading up here.
The centaur shoots an arrow.
The arrow hits you!
You die...

.....##.# #......#
#.......# #.....#
#.......## ##...#
........# ...(#
#......(# ....##
#.......# .....#
#.......# .###.##
#......## ####..##
#..@....# ##....##
#.......# #.....c##
#.......## ##......M##
#......<.# #
#.........####.Mc>....#
###
#.......##..##........##
#..
........###..#.......<.#
#.. ........#
##)..........## #..
.......## ##...........#
#..


You could see Menkaure (fast) and a centaur.

Vanquished Creatures
  Duvessa (D:4)
  2 black bears
  An ogre (D:4)
  A kobold brigand (D:4)
  A scorpion (D:4)
  Dowan (D:4)
  A hound (D:4)
  10 gnolls (D:4)
  6 adders
  2 worms
  2 dart slugs (D:2)
  5 orcs
  A ball python (D:1)
  5 endoplasms
  3 giant cockroaches
  8 goblins
  8 hobgoblins
  6 jackals
  3 quokkas
  5 bats
  3 frilled lizards
  43 kobolds
  3 rats
121 creatures vanquished.

Vanquished Creatures (others)
  5 fungi (D:4)
5 creatures vanquished.

Grand Total: 126 creatures vanquished

Notes
Turn   | Place    | Note
-------+----------+-------------------------------------------
     0 | D:1      | happo123 the Gargoyle Earth Elementalist began the quest
                  | for the Orb.
     0 | D:1      | Reached XP level 1. HP: 10/10 MP: 3/3
   161 | D:1      | Reached skill level 1 in Transmutations
   161 | D:1      | Reached XP level 2. HP: 12/15 MP: 5/5
   899 | D:2      | Reached XP level 3. HP: 20/20 MP: 2/6
   903 | D:2      | Learned a level 3 spell: Stone Arrow
   960 | D:2      | Reached skill level 4 in Earth Magic
  1414 | D:3      | Found a faded altar of an unknown god.
  1510 | D:3      | Reached skill level 1 in Fighting
  1510 | D:3      | Reached XP level 4. HP: 22/25 MP: 3/7
  1867 | D:4      | Reached skill level 1 in Armour
  1947 | D:4      | Noticed a scorpion
  1970 | D:4      | Reached skill level 1 in Maces & Flails
  2009 | D:4      | Found a staircase to the Ecumenical Temple.
  2009 | D:4      | Noticed an ogre
  2009 | D:4      | Found the +6 shillelagh "Devastator" {shatter}
  2013 | D:4      | Killed an ogre
  2014 | D:4      | Reached XP level 5. HP: 23/29 MP: 0/8
  2031 | Temple   | Entered the Ecumenical Temple
  2091 | Temple   | Became a worshipper of Vehumet
  2328 | D:4      | Found a bloodstained altar of Trog.
  2442 | D:4      | Noticed Duvessa
  2465 | D:4      | Killed Duvessa
  2466 | D:4      | Reached XP level 6. HP: 17/35 MP: 3/9
  2637 | D:4      | Noticed Dowan
  2640 | D:4      | Killed Dowan
  2641 | D:4      | Reached skill level 5 in Earth Magic
  2861 | D:4      | Reached * piety under Vehumet
  2861 | D:4      | Offered knowledge of Magic Dart by Vehumet.
  2868 | D:4      | Reached XP level 7. HP: 32/40 MP: 11/11
  3178 | D:4      | Offered knowledge of Poisonous Vapours by Vehumet.
  3184 | D:4      | Learned a level 4 spell: Petrify
  3222 | D:4      | Reached ** piety under Vehumet
  3304 | D:4      | Found a glowing silver altar of Zin.
  3482 | D:4      | Found a basalt altar of Yredelemnul.
  3495 | D:4      | Learned a level 2 spell: Poisonous Vapours
  3722 | D:5      | Entered Level 5 of the Dungeon
  3739 | D:5      | Reached XP level 8. HP: 37/45 MP: 10/12
  3815 | D:5      | Noticed Menkaure
  3848 | D:5      | Shot with an arrow by a centaur

Illustrated notes

Levels and vault maps discovered:
D:1:      wander_arrival_fairy_ring, layout_basic
D:2:      layout_loops_cross
D:3:      layout_rooms, nicolae_ecumenical_pavilion
D:4:      minmay_goblin_kobold_castle, layout_basic,
          mainiacjoe_overflow_small_starburst, mainiacjoe_overflow_chevrons,
          marbit_many_paths, temple_statues, dilly_guarded_unrand_devastator,
          uniq_duvessa
D:5:      layout_cave_pods, general_overflow_altar, uniq_menkaure
Temple:   compressed_dpeg_triangle_lava_temple

Skill      XL: |  1  2  3  4  5  6  7 |
---------------+----------------------+-----
Transmutations | 1 2 3 |  3.2
Earth Magic    | 4 5 |  5.8
Fighting       | 1 2 |  2.6
Armour         | 1 2 |  2.6
Maces & Flails | 1 2 |  2.3
Dodging        | 2 |  2.7
Stealth        | 3 |  3.9
Spellcasting   | 3 |  3.1

Action                   |  1- 3 |  4- 6 |  7- 9 || total
-------------------------+-------+-------+-------++-------
Melee: Unarmed           |    18 |       |       ||    18
       Club              |    18 |       |       ||    18
       Whip              |     5 |    10 |       ||    15
       Flail             |       |    17 |       ||    17
       Punch             |       |     1 |       ||     1
       Shillelagh        |       |    19 |    29 ||    48
 Cast: Sandblast         |    40 |    34 |    19 ||    93
       Stone Arrow       |       |     2 |     6 ||     8
 Stab: Sleeping          |     4 |       |       ||     4
Armor: Robe              |    27 |    22 |    14 ||    63
Dodge: Dodged            |    48 |    49 |    20 ||   117

Table legend: (Time is in decaauts)
 A = Elapsed time spent in this place.
 B = Non-inter-level travel time spent in this place.
 C = Inter-level travel time spent in this place.
 D = Time resting spent in this place.
 E = Time spent auto-exploring this place.
 F = Levels seen in this place.
 G = Mean time per level.
                   A        B        C        D        E       F      G
               +--------+--------+--------+--------+--------+-----+--------+
         Total |   3967 |   2624 |   1343 |    332 |   1476 |   6 |  661.2 |
       Dungeon |   3693 |   2370 |   1323 |    332 |   1231 |   5 |  738.6 |
        Temple |    273 |    253 |     20 |      0 |    245 |   1 |  273.0 |
               +--------+--------+--------+--------+--------+-----+--------+

Top non-repeatable levels by time:
     D:4: 1646 daAuts
     D:1: 883 daAuts
     D:2: 570 daAuts
     D:3: 466 daAuts
  Temple: 273 daAuts
     D:5: 127 daAuts
